 Dungeon Crawl Stone Soup version 0.19-a0-1786-g230130f (webtiles) character file.

189 kae the Slasher (level 5, -4/34 HPs)
             Began as a High Elf Skald on Oct 3, 2016.
             Slain by a gnoll
             ... wielding a +0 flail
              (10 damage)
             ... on level 3 of the Dungeon.
             The game lasted 00:05:04 (4743 turns).

kae the Slasher (High Elf Skald)                    Turns: 4743, Time: 00:05:05

Health: -4/34      AC:  3    Str: 14    XL:     5   Next: 40%
Magic:  18/18      EV: 11    Int: 16    God:
Gold:   98         SH:  0    Dex: 14    Spells: 1 memorised, 7 levels left

rFire  . . .     SeeInvis .     a - +0 falchion
rCold  . . .     Gourm    .     b - +0 leather armour
rNeg   . . .     Faith    .     (no shield)
rPois  .         Spirit   .     (no helmet)
rElec  .         Dismiss  .     (no cloak)
rCorr  .         Reflect  .     (no gloves)
MR     .....     Harm     .     (no boots)
Stlth  +.........               (no amulet)
                                g - ring of magical power
                                f - ring of flight

@: no status effects
A: strong 1
a: Evoke Flight


You were on level 3 of the Dungeon.
You were not hungry.

You visited 1 branch of the dungeon, and saw 4 of its levels.

You collected 98 gold pieces.

Inventory:

Hand Weapons
 a - a +0 falchion (weapon)
Armour
 b - a +0 leather armour (worn)
Jewellery
 f - a ring of flight (left hand)
 g - a ring of magical power (right hand)
Scrolls
 e - 2 scrolls of remove curse
Potions
 h - a potion of haste {unknown}
 i - a potion of heal wounds {unknown}
 n - a potion of curing {unknown}
Books
 c - a book of Battle

   Spells                             Type                      Level
   a - Infusion                       Charms                       1
   b - Shroud of Golubria             Charms/Translocation         2
   c - Song of Slaying                Charms                       2
   d - Spectral Weapon                Hexes/Charms                 3
   e - Regeneration                   Charms/Necromancy            3
 k - a book of Cantrips

   Spells                             Type                      Level
   a - Confusing Touch                Hexes                        1
   b - Animate Skeleton               Necromancy                   1
   c - Summon Small Mammal            Summoning                    1
   d - Apportation                    Translocation                1
Comestibles
 d - 3 bread rations
 j - 2 meat rations
 l - 2 fruits


   Skills:
 - Level 2.0 Fighting
 * Level 6.9 Long Blades
 - Level 0.8 Armour
 - Level 1.1 Dodging
 - Level 2.4 Spellcasting
 - Level 3.6 Charms


You had 7 spell levels left.
You knew the following spells:

 Your Spells              Type           Power        Failure   Level  Hunger
a - Infusion              Chrm           ##..         8%          1    #......


Dungeon Overview and Level Annotations

Branches:
Dungeon (4/15)
 Temple: D:4-7

Altars:
Fedhas
Kikubaaqudgha
Qazlal

Annotations:
D:2 Terence


Innate Abilities, Weirdness & Mutations

Your muscles are strong. (Str +2)


Message History

You hit the gnoll.
The gnoll is lightly wounded.
The gnoll barely misses you.
You closely miss the gnoll.
The gnoll is lightly wounded.
The gnoll hits you with a flail.
You closely miss the gnoll.
The gnoll is lightly wounded.
The gnoll closely misses you.
You riposte.
You barely miss the gnoll.
The gnoll is lightly wounded.
You hit the gnoll.
The gnoll is heavily wounded.
You hit the gnoll.
The gnoll is severely wounded.
The gnoll hits you with a flail!
* * * LOW HITPOINT WARNING * * *
You barely miss the gnoll.
The gnoll is severely wounded.
The gnoll hits you with a flail!
You die...

#.....##..............##.....#
#..###.#.##...#.#.#.#..###..##
##..........#..........# ##.# #
#####.##.#.....#........# #.#
###...#.##.#...#.#.#####.#####.##
......#.##.........##............
.#.#....####...#...##.##.##.#####
..))...........#.g.##.##.##.#####
.#.#.#.#####....@........##.##...
.....#.....#.####.#...#..##.##.##
#..###.###.#<####.#.<<##.##..#.##
#......###........#...##.PP......
#####....(..#.#####...##.PPP.###.
#####.##.#....# #...##PP_.P# #.
...........#.### #...##..PP.# #.
...##.##.#.....####...##.PP..# #.
....#.##.#.................รท.###.


You could see a gnoll.

Vanquished Creatures
  Jessica (D:2)
  6 adders
  3 oozes (D:1)
  3 worms
  4 leopard geckos
  An orc (D:3)
  6 bats
  3 giant cockroaches
  8 goblins
  7 hobgoblins
  13 jackals (D:3)
  3 frilled lizards
  13 kobolds
  10 rats
81 creatures vanquished.

Vanquished Creatures (others)
  A human (D:2)
1 creature vanquished.

Grand Total: 82 creatures vanquished

Notes
Turn   | Place    | Note
-------+----------+-------------------------------------------
     0 | D:1      | kae the High Elf Skald began the quest for the Orb.
     0 | D:1      | Reached XP level 1. HP: 14/14 MP: 4/4
    40 | D:1      | Reached skill level 3 in Long Blades
   240 | D:1      | Reached XP level 2. HP: 2/19 MP: 6/6
   661 | D:1      | Reached skill level 4 in Long Blades
  1022 | D:1      | Reached XP level 3. HP: 20/24 MP: 7/7
  1452 | D:2      | Found an ancient bone altar of Kikubaaqudgha.
  1453 | D:2      | Noticed a human
  1454 | D:2      | Killed a human
  1810 | D:2      | Noticed Jessica
  1815 | D:2      | Killed Jessica
  1815 | D:2      | Reached skill level 5 in Long Blades
  1815 | D:2      | Reached XP level 4. HP: 28/29 MP: 3/8
  2007 | D:2      | Noticed Terence
  2021 | D:2      | Gained mutation: Your muscles are strong. (Str +2) [potion of beneficial mutation]
  3126 | D:3      | Reached skill level 6 in Long Blades
  3663 | D:3      | Reached XP level 5. HP: 19/34 MP: 9/9
  3919 | D:3      | Found a stormy altar of Qazlal.
  3953 | D:3      | Found a blossoming altar of Fedhas.
  4743 | D:3      | Slain by a gnoll

Vault maps used:
D:1:      erik_arrival_gehennom
D:2:      gammafunk_temple_overflow_claw, tgw_kikubaaqudgha, uniq_terence,
          uniq_jessica, uniq_sigmund
D:3:      fedhas_altar_3, lemuel_doored_altar, serial_glass, glass_columns_a,
          glass_columns_a, glass_columns_c, glass_columns_a, glass_columns_a,
          glass_columns_a, glass_columns_a, glass_columns_b, glass_columns_a,
          glass_columns_b, glass_columns_a, glass_columns_a, glass_columns_b,
          glass_columns_a, minmay_strange_pillars, feat_on_display
D:4:      minitemple, first_bread

Skill      XL: |  1  2  3  4 |
---------------+-------------+-----
Long Blades    | 3 4 5 6 |  6.9
Fighting       | |  2.0
Armour         | |  0.8
Dodging        | |  1.1
Spellcasting   | |  2.4
Charms         | |  3.6

Action                   |  1- 3 |  4- 6 || total
-------------------------+-------+-------++-------
Melee: Falchion          |    90 |   162 ||   252
 Cast: Infusion          |     3 |    12 ||    15
  Use: Scroll            |     2 |     1 ||     3
       Potion            |       |     1 ||     1
 Stab: Sleeping          |     1 |     1 ||     2
  Eat: Chunk             |     3 |     9 ||    12
Armor: Leather armour    |    18 |    45 ||    63
Dodge: Dodged            |    42 |   115 ||   157
       Rpst.: Falchion   |    11 |    36 ||    47
